 Dungeon Crawl Stone Soup version 0.21.1-1-g345015f (webtiles) character file.

34 theblackcape the Insei (level 3, 0/17 HPs)
             Began as a Vine Stalker Transmuter on June 14, 2018.
             Succumbed to a scorpion's poison
             ... on level 1 of the Dungeon.
             The game lasted 00:05:43 (1528 turns).

theblackcape the Insei (Vine Stalker Transmuter)    Turns: 1528, Time: 00:05:44

Health: 0/17       AC:  3    Str: 12    XL:     3   Next: 31%
Magic:  3/7        EV: 12    Int: 14    God:
Gold:   85         SH:  0    Dex: 14    Spells: 5/6 levels left

rFire    . . .     SeeInvis .     - Unarmed
rCold    . . .     Gourm    .   (no shield)
rNeg     . . .     Faith    .   e - +0 leather armour (curse)
rPois    .         Spirit   +   (no helmet)
rElec    .         Reflect  .   (no cloak)
rCorr    .         Harm     .   (no gloves)
MR       +....                  (boots currently unavailable)
Stlth    +.........             (no amulet)
HPRegen  0.05/turn              j - ring of protection from magic
MPRegen  0.10/turn              (no ring)

@: lethally poisoned (0 -> -16), appendage (expiring)
A: fangs 2, talons 3, magic shield, antimagic bite, no potion heal 3, rot
immunity
a: End Transformation


You were on level 1 of the Dungeon.
You were not hungry.
You had grown temporary talons.
You visited 1 branch of the dungeon, and saw 2 of its levels.

You collected 85 gold pieces.

Inventory:

Missiles
 a - 12 arrows
 l - 36 stones (quivered)
Armour
 b - a +0 robe
 e - a cursed +0 leather armour (worn)
Jewellery
 j - a ring of protection from magic (left hand)
Scrolls
 g - a scroll of enchant armour {unknown}
 k - a scroll of identify {unknown}
Potions
 h - a potion of curing {unknown}
 i - a potion of heal wounds {unknown}
 m - a potion of invisibility
Books
 c - a book of Changes

   Spells                             Type                      Level
   a - Beastly Appendage              Transmutation                1
   b - Sticks to Snakes               Transmutation                2
   c - Spider Form                    Transmutation/Poison         3
   d - Ice Form                       Ice/Transmutation            4
   e - Blade Hands                    Transmutation                5
Comestibles
 d - a ration


   Skills:
 - Level 0.8 Fighting
 - Level 1.6 Dodging
 * Level 4.1 Unarmed Combat
 - Level 2.2 Spellcasting
 + Level 2.2 Transmutations


You had 5 spell levels left.
You knew the following spells:

 Your Spells              Type           Power        Failure   Level  Hunger
a - Beastly Appendage     Tmut           #.....       12%         1    #......


Dungeon Overview and Level Annotations

Branches:
Dungeon (2/15)

Altars:
Okawaru


Innate Abilities, Weirdness & Mutations

You have extremely sharp teeth.
When hurt, damage is shared between your health and your magic reserves.
Your bite disrupts and absorbs the magic of your enemies.
Potions cannot restore your health.
You are immune to rotting.
You have claws for feet.


Message History

The scorpion is lightly wounded.
You feel sick. The scorpion stings you!
You are more poisoned.
The scorpion poisons you!
You hit the scorpion. Your kick misses the scorpion.
The scorpion is moderately wounded.
You feel sick.
You barely miss the scorpion.
The scorpion is moderately wounded.
Your transformation is almost over.
* * * LOW HITPOINT WARNING * * *
You feel sick. The scorpion barely misses you.
* * * LOW HITPOINT WARNING * * *
You feel sick.
The scorpion stings you but does no damage.
* * * LOW HITPOINT WARNING * * *
You feel sick.
* * * LOW HITPOINT WARNING * * *
You feel sick. The scorpion barely misses you.
You die...

#.......#.#
#.......#.#
#.......#.#
#.......#.#
#######.#.#
#.#.# #...#
##.s# #@>#
####


You could see a scorpion.

Vanquished Creatures
  A dart slug (D:1)
  A leopard gecko (D:1)
  2 bats (D:1)
  2 giant cockroaches (D:1)
  8 goblins (D:1)
  4 hobgoblins (D:1)
  A frilled lizard (D:1)
  5 kobolds (D:1)
  2 rats (D:1)
26 creatures vanquished.

Notes
Turn   | Place    | Note
-------+----------+-------------------------------------------
     0 | D:1      | theblackcape the Vine Stalker Transmuter began the quest for the Orb.
     0 | D:1      | Reached XP level 1. HP: 9/9 MP: 4/4
   458 | D:1      | Reached XP level 2. HP: 14/14 MP: 4/6
  1056 | D:1      | Reached XP level 3. HP: 17/17 MP: 5/7
  1105 | D:1      | Reached skill level 4 in Unarmed Combat
  1113 | D:1      | Found an iron altar of Okawaru.
  1516 | D:2      | Noticed a scorpion
  1528 | D:1      | Succumbed to a scorpion's poison

Skill      XL: |  1  2  3 |
---------------+----------+-----
Unarmed Combat | 4 |  4.1
Fighting       | |  0.8
Dodging        | |  1.6
Spellcasting   | |  2.2
Transmutations | |  2.2

Action                   || total
-------------------------++-------
Melee: Unarmed           ||    82
       Bite              ||    19
       Kick              ||     2
       Headbutt          ||     5
       Punch             ||     1
Throw: Stone             ||    22
 Cast: Beastly Appendage ||    17
  Eat: Chunk             ||     2
Armor: Robe              ||     2
       Leather armour    ||    12
Dodge: Dodged            ||    48
